 Dungeon Crawl Stone Soup version 0.19-a0-1932-g59670f6 (webtiles) character file.

10313 DogShitOnMyToe the Bludgeoner (level 11, 0/193 (195) HPs)
             Began as an Ogre Berserker on Oct 25, 2016.
             Was a High Priest of Trog.
             Slain by an eight-headed hydra (7 damage)
             ... on level 1 of the Lair of Beasts.
             The game lasted 00:32:14 (11340 turns).

DogShitOnMyToe the Bludgeoner (Ogre Berserker)     Turns: 11340, Time: 00:32:14

HP:   0/193 (195)   AC:  7    Str: 32    XL:     11   Next: 60%
MP:   3/3           EV: 10    Int:  6    God:    Trog [*****.]
Gold: 853           SH:  0    Dex:  9    Spells: 0 memorised, 10 levels left

rFire  . . .     SeeInvis +     J - +1 great mace (antimagic)
rCold  . . .     Gourm    .     B - +2 robe {Archmagi}
rNeg   . . .     Faith    .     (shield currently unavailable)
rPois  .         Spirit   .     (helmet restricted)
rElec  .         Reflect  .     G - +1 cloak
rCorr  .         Harm     .     (gloves unavailable)
MR     ++...                    (boots unavailable)
Stlth  ..........               (no amulet)
                                M - ring of protection from magic
                                k - ring of see invisible

@: berserking, starving, very quick
A: unfitting armour, tough skin 1
a: Berserk, Trog's Hand, Brothers in Arms, Burn Spellbooks, Renounce Religion


You were on level 1 of the Lair of Beasts.
You worshipped Trog.
Trog was extremely pleased with you.
You were starving.

You visited 2 branches of the dungeon, and saw 12 of its levels.
You also visited: Ossuary.

You collected 853 gold pieces.

Inventory:

Hand Weapons
 a - a +1 giant spiked club
 J - a +1 antimagic great mace (weapon)
Missiles
 g - 320 stones (quivered)
 K - a throwing net
Armour
 B - a +2 robe of the Archmagi (worn)
 G - a +1 cloak (worn)
Jewellery
 e - an uncursed ring of fire
 k - a ring of see invisible (left hand)
 z - an uncursed ring of wizardry
 D - an uncursed ring of stealth
 M - a ring of protection from magic (right hand)
Wands
 x - a wand of slowing (34/48)
 L - a wand of lightning (4/15)
 N - a wand of flame (18/48)
 O - a wand of digging (7/24)
 Q - a wand of iceblast (13/15)
 R - a wand of digging (14/24)
Scrolls
 b - 4 scrolls of teleportation
 d - 4 scrolls of magic mapping
 l - 3 scrolls of remove curse
 r - 4 scrolls of identify
 t - 4 scrolls of enchant armour
 u - 3 scrolls of recharging
 v - a scroll of vulnerability
 y - 3 scrolls of noise
 C - a scroll of blinking
 F - 2 scrolls of enchant weapon
 P - a scroll of fog
Potions
 h - 3 potions of brilliance
 i - 5 potions of mutation
 j - 3 potions of lignification
 m - 2 potions of cure mutation
 n - 2 potions of heal wounds
 o - 8 potions of curing
 p - 4 potions of flight
 q - 2 potions of cancellation
 s - 2 potions of might
 A - 2 potions of agility
 E - 5 potions of magic
 H - 2 potions of berserk rage {unknown}
Comestibles
 c - 7 bread rations
 f - 7 meat rations
 w - 8 fruits
 I - 4 beef jerkies


   Skills:
 + Level 14.1 Fighting
 + Level 17.5 Maces & Flails
 - Level 2.6 Dodging


You had 10 spell levels left.
You didn't know any spells.

Dungeon Overview and Level Annotations

Branches:
Dungeon (11/15)            Temple (0/1) D:4            Lair (1/6) D:10
    Orc (0/2) D:10

Altars:
Cheibriados
Dithmenos
Elyvilon
Fedhas
Gozag
Hepliaklqana
Sif Muna
Uskayaw
Vehumet
Yredelemnul
The Shining One

Shops:
D:9 =   D:11 *

Annotations:
D:8 Maurice
D:10 exclusion: downstairs


Innate Abilities, Weirdness & Mutations

You are too large for most types of armour.
You have tough skin. (AC +1)


Message History

* * * LOW HITPOINT WARNING * * *
The eight-headed hydra misses you.
You barely miss the eight-headed hydra.
The eight-headed hydra is heavily wounded.
Unknown command.
You bludgeon the eight-headed hydra!!
The eight-headed hydra is almost dead.
The eight-headed hydra bites you!
* * * LOW HITPOINT WARNING * * *
The eight-headed hydra bites you!
* * * LOW HITPOINT WARNING * * *
The eight-headed hydra bites you!
* * * LOW HITPOINT WARNING * * *
The eight-headed hydra bites you!
* * * LOW HITPOINT WARNING * * *
The eight-headed hydra barely misses you.
The eight-headed hydra bites you!
* * * LOW HITPOINT WARNING * * *
The eight-headed hydra bites you!
You die...

#....#.
.....#.
.......##
.........
......# .P..#
#.D# #.@###
#..#.########
#............
##...#...####
#........#
##...#...#
#####..##
#P.# ##.#


You could see an eight-headed hydra.

Vanquished Creatures
  The ghost of JeffiDaFish the Cleaver, a journeyman HOFi of Beogh (D:11)
  An unseen horror (D:10)
  A hill giant (D:10)
  A manticore (D:11)
  Prince Ribbit (D:8)
  4 hippogriffs
  Sigmund (D:3)
  A wraith (D:10)
  A wyvern (D:11)
  A hungry ghost (D:10)
  Edmund (D:5)
  3 wargs (D:10)
  2 water moccasins
  Duvessa (D:5)
  6 orc warriors
  An ice beast (D:7)
  2 phantoms (D:8)
  3 sky beasts
  A necrophage (D:10)
  12 ogres
  5 centaurs
  Blork the orc (D:5)
  4 bullfrogs
  Dowan (D:5)
  3 killer bees (D:11)
  6 scorpions
  15 wights
  4 howler monkeys
  3 centaur zombies
  4 crimson imps
  4 bullfrog zombies (Ossuary)
  3 jellies
  3 hounds
  4 orc priests
  4 iguanas
  6 orc wizards
  13 worker ants
  A statue (D:5)
  2 killer bee zombies (Ossuary)
  13 mummies (Ossuary)
  5 hound zombies
  Robin (D:1)
  6 worker ant zombies
  A howler monkey zombie (Ossuary)
  11 adders
  4 gnolls
  A howler monkey skeleton (D:7)
  6 oozes
  2 adder zombies (Ossuary)
  An adder skeleton (D:7)
  3 worms (D:2)
  A dart slug (D:5)
  6 leopard geckos
  36 orcs
  8 giant cockroaches
  2 gnoll zombies (D:7)
  5 hobgoblins
  16 jackals
  3 quokkas
  4 ball pythons
  A ball python zombie (Ossuary)
  5 bats
  6 frilled lizards
  2 giant cockroach zombies (Ossuary)
  16 goblins
  2 jackal zombies (Ossuary)
  9 kobolds
  A leopard gecko skeleton (D:4)
  A leopard gecko zombie (Ossuary)
  3 quokka zombies
  5 rats
317 creatures vanquished.

Vanquished Creatures (others)
  A withered plant (Ossuary)
1 creature vanquished.

Grand Total: 318 creatures vanquished

Notes
Turn   | Place    | Note
-------+----------+-------------------------------------------
     0 | D:1      | DogShitOnMyToe the Ogre Berserker began the quest for the Orb.
     0 | D:1      | Reached XP level 1. HP: 24/24 MP: 1/1
   161 | D:1      | Reached XP level 2. HP: 29/32 MP: 2/2
   583 | D:1      | Reached skill level 5 in Maces & Flails
   904 | D:2      | Reached XP level 3. HP: 39/39 MP: 3/3
  1043 | D:2      | Reached ** piety under Trog
  1086 | D:2      | Reached skill level 6 in Maces & Flails
  1208 | D:2      | Reached XP level 4. HP: 28/48 MP: 4/4
  1215 | D:2      | HP: 19/48 [gnoll/club (9)]
  1228 | D:2      | HP: 13/48 [gnoll (7)]
  1385 | D:2      | Noticed Robin
  1560 | D:1      | Reached skill level 7 in Maces & Flails
  1635 | D:2      | HP: 24/48 [goblin[Robin] (1)]
  1641 | D:1      | HP: 16/48 [Robin/mace (4)]
  1642 | D:1      | Killed Robin
  1867 | D:2      | Reached XP level 5. HP: 48/54 MP: 5/5
  1879 | D:2      | Found a glowing golden altar of the Shining One.
  2154 | D:3      | Noticed Sigmund
  2156 | D:3      | Noticed a centaur
  2167 | D:3      | Killed Sigmund
  2167 | D:3      | Reached skill level 9 in Maces & Flails
  2167 | D:3      | Reached XP level 6. HP: 47/62 MP: 6/6
  2170 | D:3      | HP: 44/93 [centaur (5)]
  2373 | D:3      | Reached *** piety under Trog
  2474 | D:3      | Found a white marble altar of Elyvilon.
  2672 | D:4      | Reached skill level 10 in Maces & Flails
  2672 | D:4      | Reached XP level 7. HP: 64/70 MP: 7/7
  2745 | D:4      | Identified a book of Misfortune
  2786 | D:4      | Found a blossoming altar of Fedhas.
  2842 | D:4      | Found a snail-covered altar of Cheibriados.
  2950 | D:4      | Reached skill level 11 in Maces & Flails
  3066 | D:4      | Found a staircase to the Ecumenical Temple.
  3114 | D:4      | HP: 35/70 [poisoned by a scorpion]
  3119 | D:4      | HP: 30/70 [poisoned by a scorpion]
  3124 | D:4      | HP: 18/70 [poisoned by a scorpion]
  3129 | D:4      | HP: 15/70 [poisoned by a scorpion]
  3134 | D:4      | HP: 14/70 [poisoned by a scorpion]
  3140 | D:4      | HP: 14/70 [poisoned by a scorpion]
  3145 | D:4      | HP: 12/70 [frilled lizard (2)]
  3151 | D:4      | HP: 11/70 [poisoned by a scorpion]
  3654 | D:5      | Entered Level 5 of the Dungeon
  3658 | D:5      | Reached skill level 12 in Maces & Flails
  3658 | D:5      | Reached XP level 8. HP: 55/78 MP: 8/8
  3813 | D:5      | Found a radiant altar of Vehumet.
  4415 | D:5      | Noticed Duvessa
  4415 | D:5      | Noticed Dowan
  4422 | D:5      | Killed Duvessa
  4422 | D:5      | Reached skill level 13 in Maces & Flails
  4426 | D:5      | Killed Dowan
  4572 | D:5      | Noticed Edmund
  4579 | D:5      | Noticed Blork the orc
  4582 | D:5      | Found an opulent altar of Gozag.
  4595 | D:5      | Killed Edmund
  4600 | D:5      | Killed Blork the orc
  4600 | D:5      | Reached skill level 14 in Maces & Flails
  4601 | D:5      | Reached XP level 9. HP: 84/84 MP: 9/9
  4909 | D:6      | Found a hide-covered altar of Uskayaw.
  4970 | D:6      | Reached **** piety under Trog
  4996 | D:6      | Reached skill level 15 in Maces & Flails
  5299 | D:6      | Found a sand-covered staircase.
  5356 | Ossuary  | Entered an ossuary
  5405 | Ossuary  | Reached skill level 16 in Maces & Flails
  5675 | Ossuary  | Reached ***** piety under Trog
  6068 | D:7      | Found a deep blue altar of Sif Muna.
  6099 | D:7      | Reached XP level 10. HP: 87/92 MP: 10/10
  6233 | D:7      | Found a basalt altar of Yredelemnul.
  6241 | D:7      | Reached skill level 17 in Maces & Flails
  6476 | D:8      | Reached skill level 5 in Fighting
  6670 | D:8      | Noticed Prince Ribbit
  6687 | D:8      | HP: 49/98 [Prince Ribbit (17)]
  6695 | D:8      | HP: 40/98 [Prince Ribbit (16)]
  6697 | D:8      | Killed Prince Ribbit
  6697 | D:8      | Reached skill level 6 in Fighting
  6706 | D:8      | HP: 42/100 [ogre/giant club (10)]
  7197 | D:8      | Noticed Maurice
  7229 | D:8      | Paralysed by Maurice for 7 turns
  7334 | D:8      | Reached skill level 7 in Fighting
  7520 | D:8      | Reached skill level 8 in Fighting
  7649 | D:8      | Received a gift from Trog
  7717 | D:9      | Found Tiocab's Jewellery Emporium.
  7869 | D:9      | Noticed an unseen horror
  7987 | D:9      | Found a shadowy altar of Dithmenos.
  8209 | D:9      | Found a hazy altar of Hepliaklqana.
  8304 | D:10     | Entered Level 10 of the Dungeon
  8375 | D:10     | HP: 64/159 [orc warrior/glaive (21)]
  8378 | D:10     | Reached skill level 9 in Fighting
  8380 | D:10     | HP: 55/160 [iguana (9)]
  8401 | D:10     | Noticed an unseen horror
  8409 | D:10     | Killed an unseen horror
  8409 | D:10     | Reached skill level 10 in Fighting
  8418 | D:10     | HP: 34/110 [warg (1)]
  8420 | D:10     | HP: 12/110 [warg (9)]
  8877 | D:10     | Noticed a hill giant
  8878 | D:10     | Reached skill level 11 in Fighting
  8888 | D:10     | Killed a hill giant
  8945 | D:10     | Found a staircase to the Lair.
  8982 | D:10     | Reached XP level 11. HP: 122/122 MP: 3/11
  9099 | D:10     | Reached skill level 12 in Fighting
  9264 | D:10     | HP: 54/123 [orc warrior/halberd (15)]
  9298 | D:10     | HP: 51/123 [orc warrior/halberd (13)]
  9743 | D:10     | Reached skill level 13 in Fighting
  9889 | D:10     | Found a staircase to the Orcish Mines.
 10009 | D:11     | Found Entyskun's General Store.
 10009 | D:11     | Noticed a manticore
 10009 | D:11     | Noticed JeffiDaFish's ghost (journeyman HOFi)
 10009 | D:11     | JeffiDaFish's ghost turns its malevolent gaze towards you.
 10098 | D:11     | JeffiDaFish's ghost turns its malevolent gaze towards you.
 10117 | D:11     | Killed JeffiDaFish's ghost
 10121 | D:11     | HP: 62/126 [manticore/volley of spikes (8)]
 10127 | D:11     | HP: 62/126 [manticore (1)]
 10128 | D:11     | Killed a manticore
 10133 | D:11     | HP: 63/126 [orc/club (1)]
 10408 | D:11     | Identified the Almanac of the Lethal Birds
 10761 | D:11     | Reached skill level 14 in Fighting
 11165 | Lair:1   | Entered Level 1 of the Lair of Beasts
 11328 | Lair:1   | Noticed an eight-headed hydra
 11336 | Lair:1   | HP: 95/193 [eight-headed hydra (3)]
 11340 | Lair:1   | HP: 38/193 [eight-headed hydra (11)]
 11340 | Lair:1   | HP: 7/193 [eight-headed hydra (13)]
 11340 | Lair:1   | Slain by an eight-headed hydra

Vault maps used:
D:1:      saegor_arrival_simple_c
D:2:      lemuel_doored_altar, uniq_robin
D:3:      old_standard_altar, uniq_sigmund
D:4:      cheibriados_altar_wand_db, first_bread, fedhas_altar_fruit_tree
D:5:      vehumet_statue, grunt_gozag_statues, uniq_edmund, uniq_blork_the_orc,
          uniq_duvessa
D:6:      chequers_ossuary_entry_cave, basic_altar, st_stairs_4
D:7:      lemuel_crystal_altar, lemuel_zombie_altar_yredelemnul
D:8:      uniq_prince_ribbit1, uniq_maurice
D:9:      lemuel_round_altar, overflow_temple_1_default, serial_shops, shop,
          unseen_surprise_small
D:10:     erik_lair_orcish_takeover, david_orc_4
D:11:     serial_shops, nicolae_shop_temple_entry_statues_fountains
Lair:1:   infiniplex_staircase_pool
Ossuary:  ossuary_zaba_flooded

Skill      XL: |  1  2  3  4  5  6  7  8  9 10 11 |
---------------+----------------------------------+-----
Maces & Flails | 5 6 7 9 10 12 14 16 17 | 17.5
Fighting       | 11 14 | 14.1
Dodging        | |  2.6

Action                   |  1- 3 |  4- 6 |  7- 9 | 10-12 || total
-------------------------+-------+-------+-------+-------++-------
Melee: Mace              |    21 |       |       |       ||    21
       Whip              |    71 |   117 |       |       ||   188
       Morningstar       |       |    14 |     4 |       ||    18
       Giant club        |       |       |   238 |       ||   238
       Giant spiked club |       |       |   119 |   122 ||   241
       Great mace        |       |       |       |   266 ||   266
Throw: Stone             |       |       |     3 |     7 ||    10
Invok: Berserk           |     1 |     1 |     4 |     4 ||    10
       Trog's Hand       |       |     1 |     4 |     1 ||     6
       Burn Spellbooks   |       |       |     2 |     1 ||     3
       Brothers in Arms  |       |       |       |     1 ||     1
Evoke: Wand              |       |       |       |     1 ||     1
  Use: Scroll            |       |     8 |       |    21 ||    29
 Stab: Sleeping          |     1 |       |     4 |       ||     5
       Distracted        |       |       |     1 |       ||     1
  Eat: Chunk             |     2 |     6 |    17 |    19 ||    44
       Fruit             |       |       |       |     1 ||     1
Armor: Animal skin       |    17 |    36 |    26 |       ||    79
       Robe              |       |       |    52 |    92 ||   144
Dodge: Dodged            |    42 |    60 |   152 |   167 ||   421
